Map: Kairos Junction LE

Players

Juuzou - Winner!

  • Race: Terran Terran
  • League: Master
  • Spawn Location: 5:00

Mez

  • Race: Terran Terran
  • League: Master
  • Spawn Location: 11:00

VOD

Have the link to the VOD?

Description

Time

  • Played on: Aug. 5, 2019, 8:42 a.m.
  • Length: 10:05
Show
View Real Time Build Order
Export as new Build Order

Juuzou Terran - Winner!

Build Orders:  

Get SALT Encoding   

  12  0:00  SCV  
  13  0:13  SCV  
  14  0:17  Supply Depot  
  14  0:25  SCV  
  14  0:28  Refinery  
  15  0:38  SCV  
  16  0:45  Barracks  
  16  0:50  SCV  
  16  0:55  Refinery  
  17  1:04  SCV  
  18  1:17  SCV  
  19  1:32  Orbital Command  
  19  1:33  Reaper  
  19  1:38  Factory  
  20  1:53  Supply Depot  
  20  1:58  SCV  
  21  2:05  Reaper  
  22  2:11  SCV  
  23  2:22  Hellion  
  25  2:23  SCV  
  26  2:40  Reaper  
  26  2:42  Command Center  
  27  2:45  SCV  
  27  2:47  Hellion  
  30  2:59  SCV, Supply Depot  
  31  3:09  Starport  
  31  3:10  Factory Tech Lab  
  31  3:13  Barracks Tech Lab  
  31  3:21  SCV  
  31  3:33  SCV  
  29  3:42  Cyclone  
  29  3:45  SCV  
  29  3:47  Barracks Reactor  
  33  3:51  Refinery  
  33  3:56  Orbital Command  
  33  3:57  SCV  
  33  4:01  Raven  
  36  4:09  SCV  
  36  4:20  Siege Tank  
  36  4:21  SCV  
  40  4:25  SCV  
  40  4:28  Marine  
  40  4:29  Marine  
  43  4:34  SCV  
  44  4:39  SCV  
  44  4:40  Command Center  
  44  4:45  Raven  
  45  4:47  SCV, Supply Depot  
  45  4:48  Marine x2  
  45  4:51  SCV  
  49  4:59  Siege Tank  
  52  5:04  SCV x2  
  54  5:09  Marine x2  
  56  5:18  SCV x2  
  58  5:23  Supply Depot  
  58  5:36  Siege Tank  
  58  5:38  SCV  
  58  5:41  Stimpack  
  62  5:44  Viking, Marine  
  62  5:45  SCV  
  62  5:46  Viking, Refinery  
  62  5:47  Supply Depot  
  68  5:50  SCV  
  68  5:53  Orbital Command  
  68  5:55  Barracks  
  69  5:58  Barracks  
  69  5:59  SCV  
  69  6:02  SCV  
  71  6:08  Barracks  
  71  6:09  Barracks  
  71  6:11  SCV, Supply Depot  
  71  6:12  Marine  
  71  6:17  Viking  
  71  6:18  Orbital Command  
  75  6:19  Viking  
  75  6:20  SCV  
  78  6:32  Siege Tank, Marine  
  82  6:34  SCV x2  
  84  6:44  Engineering Bay  
  84  6:45  Barracks Reactor x2, Engineering Bay  
  84  6:48  SCV x3  
  87  7:00  SCV x2  
  89  7:10  SCV  
  89  7:12  Barracks Reactor x2, SCV  
  89  7:14  Terran Infantry Armor Level 1, Marine, Terran Infantry Weapons Level 1  
  89  7:15  Siege Tank  
  95  7:16  Viking  
  95  7:19  Viking  
  95  7:22  Marine x2  
  101  7:24  Marine x2  
  101  7:25  Refinery  
  101  7:26  Refinery  
  81  7:33  Marine  
  78  7:40  Marine x2  
  78  7:42  Marine x2  
  78  7:51  Marine x4  
  78  7:52  Marine  
  78  7:58  Marine x2  
  77  8:01  Marine x2  
  77  8:05  Siege Tank  
  78  8:06  Viking x2, SCV  
  78  8:09  SCV x2, Marine x4  
  85  8:13  Marine, Supply Depot  
  85  8:14  Combat Shield  
  85  8:16  Marine x2, Supply Depot  
  88  8:21  SCV x2, Armory  
  88  8:23  Marine x2  
  88  8:27  SCV, Marine  
  92  8:29  Factory  
  92  8:31  Marine x3  
  92  8:33  SCV  
  98  8:35  Marine  
  98  8:36  Marine x2  
  98  8:37  SCV  
  98  8:39  SCV  
  103  8:41  Medivac x2  
  103  8:42  Siege Tank  
  110  8:49  Marine x2  
  110  8:50  SCV x2  
  110  8:53  Marine  
  110  8:54  Sensor Tower, Marine x2  
  117  9:00  Supply Depot  
  117  9:02  Supply Depot  
  117  9:05  Supply Depot  
  117  9:06  Supply Depot  
  117  9:22  SCV, Marine x7  
  117  9:23  Marine x2  
  116  9:40  Marine x7  
  116  9:41  Marine x2  
  116  9:43  SCV x3  
  125  9:49  Factory Tech Lab  
  136  10:01  Sensor Tower  
  136  10:02  Command Center  
Show
View Real Time Build Order
Export as new Build Order

Mez Terran 

Build Orders:  

Get SALT Encoding   

  12  0:00  SCV  
  13  0:12  SCV  
  14  0:16  Supply Depot  
  14  0:25  SCV  
  15  0:38  SCV  
  15  0:40  Barracks  
  16  0:44  Refinery  
  16  0:50  SCV  
  16  0:55  Refinery  
  17  1:02  SCV  
  18  1:14  SCV  
  19  1:29  Reaper  
  19  1:30  Orbital Command  
  20  1:35  Supply Depot  
  20  1:48  Factory  
  20  1:57  SCV  
  20  2:01  Reaper  
  22  2:09  SCV  
  23  2:26  Command Center  
  23  2:37  Barracks Reactor  
  23  2:39  Hellion  
  23  2:41  SCV  
  25  2:47  Starport  
  25  2:53  SCV  
  26  3:01  Hellion  
  28  3:07  SCV  
  29  3:13  Supply Depot  
  29  3:14  Marine x2  
  28  3:31  Factory Tech Lab  
  28  3:45  Marine x2  
  28  3:47  Starport Tech Lab  
  30  3:48  SCV  
  31  4:00  SCV  
  31  4:01  Cyclone  
  35  4:14  Orbital Command  
  35  4:17  SCV  
  35  4:18  Marine x2  
  35  4:19  Raven  
  40  4:29  SCV  
  40  4:31  Supply Depot  
  41  4:36  Siege Tank  
  44  4:42  SCV  
  44  4:45  SCV  
  46  4:48  Marine x2  
  48  4:54  SCV  
  48  4:57  SCV  
  48  4:58  Supply Depot  
  50  5:05  Raven  
  50  5:06  SCV  
  53  5:09  SCV  
  54  5:15  Command Center  
  54  5:22  SCV x2  
  54  5:23  Marine x2  
  54  5:25  Siege Tank  
  61  5:34  SCV x2  
  63  5:38  Supply Depot  
  63  5:45  Barracks  
  63  5:47  Barracks  
  63  5:54  SCV x2  
  65  5:58  Refinery  
  65  6:00  Siege Tank  
  65  6:02  Stimpack  
  68  6:06  SCV x2  
  70  6:15  Engineering Bay, Refinery  
  70  6:17  Engineering Bay, Marine  
  71  6:18  SCV x2  
  71  6:21  Viking  
  71  6:22  Viking  
  77  6:31  SCV x2  
  79  6:34  Barracks Reactor  
  79  6:35  Barracks Reactor  
  79  6:42  Siege Tank, Marine  
  79  6:43  SCV x2  
  85  6:49  Orbital Command  
  85  6:53  Viking  
  87  6:55  SCV  
  87  6:56  SCV  
  89  7:04  Marine  
  89  7:08  SCV x2  
  92  7:09  Barracks  
  92  7:10  Barracks, Terran Infantry Weapons Level 1  
  92  7:11  Terran Infantry Armor Level 1  
  92  7:14  SCV  
  93  7:20  SCV  
  93  7:25  SCV  
  80  7:44  Marine x2  
  72  7:50  Marine x3  
  74  7:55  Siege Tank  
  77  8:01  Marine x2  
  73  8:07  Barracks Reactor x2  
  73  8:08  Marine x2  
  73  8:09  SCV x2  
  73  8:10  SCV  
  73  8:11  Factory, Armory  
  72  8:13  Barracks x2  
  72  8:14  Marine  
  72  8:17  Medivac x2  
  72  8:18  Barracks  
  72  8:19  Marine  
  78  8:21  SCV  
  78  8:22  SCV x2  
  78  8:24  Supply Depot  
  78  8:25  Supply Depot x2  
  81  8:27  Siege Tank  
  81  8:28  Marine x3  
  81  8:30  Combat Shield  
  81  8:32  Marine  
  88  8:37  Marine  
  89  8:46  SCV x3  
  89  8:47  Marine x7  
  99  8:49  Marine  
  99  8:54  Supply Depot x2  
  99  8:55  Marine  
  101  8:57  Factory Tech Lab  
  101  9:02  Barracks Reactor  
  102  9:04  Marine  
  102  9:05  Marine  
  102  9:06  Barracks Reactor  
  102  9:07  Barracks Reactor  
  102  9:08  SCV x3  
  106  9:12  Refinery  
  106  9:13  Refinery  
  106  9:14  Command Center  
  106  9:22  Marine  
  106  9:23  Marine x8  
  113  9:31  Missile Turret  
  113  9:34  Missile Turret, Supply Depot x2  
  82  9:40  Marine x5  
  82  9:41  Marine x6  
Tags
 
Add a new tag
Caveats
  • Supply blocks, unpowered buildings, or Contaminate may cause inaccurate times.
  • Supply counts are checked every 10 seconds.